NWL (28 & UNDER)
SAN DIEGO SMASHERS @ BISMARK BORDER GUARDS
06/30/2023
 
TOP OF THE 1ST
San Diego Smashers batting - Pitching for Bismark Border Guards : LHP Pedro Mata
Pitching: LHP Pedro Mata
Batting: LHB Pedro Cruz 0-0: Ball
1-0: Ball
2-0: Called Strike
2-1: Ball
3-1: Foul Ball, location: 2F
3-2: Foul Ball, location: 2F
3-2: Ground out 6-3 (Groundball, 6)
Batting: LHB Raúl Guerra 0-0: Ball
1-0: Called Strike
1-1: Ball
2-1: Foul Ball, location: 2F
2-2: Foul Ball, location: 2F
2-2: Ball
3-2: Foul Ball, location: 2F
3-2: Foul Ball, location: 2F
3-2: Foul Ball, location: 2F
3-2: Ground out 4-3 (Groundball, 34)
Batting: LHB António Glaviz 0-0: Swinging Strike
0-1: Ball
1-1: Swinging Strike
1-2: Strikes out swinging
Top of the 1st over - 0 run(s), 0 hit(s), 0 error(s), 0 left on base; San Diego 0 - Bismark 0
BOTTOM OF THE 1ST
Bismark Border Guards batting - Pitching for San Diego Smashers : RHP Duane Carlson
Pitching: RHP Duane Carlson
Batting: RHB Sean Anderson 0-0: Ball
1-0: Foul Ball, location: 2F
1-1: Foul Ball, location: 2F
1-2: Ball
2-2: Ball
3-2: Fly out, F6 (Popup, 6)
Batting: LHB Jim Jensen 0-0: Swinging Strike
0-1: Swinging Strike
0-2: Ground out 4-3 (Groundball, 4M)
Batting: RHB Carlos MacKinney 0-0: Ball
1-0: Called Strike
1-1: DOUBLE (Line Drive, 89XD)
Batting: LHB Melvin White 0-0: Ball
1-0: Ball
2-0: Ground out 4-3 (Groundball, 34)
Bottom of the 1st over - 0 run(s), 1 hit(s), 0 error(s), 1 left on base; San Diego 0 - Bismark 0
TOP OF THE 2ND
San Diego Smashers batting - Pitching for Bismark Border Guards : LHP Pedro Mata
Batting: LHB Bob Cunningham 0-0: Ball
1-0: Ball
2-0: Called Strike
2-1: SINGLE (Groundball, 34D)
Batting: RHB Miguel Moreno 0-0: Ball
1-0: Ball
2-0: Ball
3-0: Called Strike
3-1: Foul Ball, location: 2F
3-2: Foul Ball, location: 2F
3-2: Reached on Error, E6 (Popup, 6MS)
Bob Cunningham to second
Batting: RHB Jaime Rodríguez 0-0: Ball
1-0: Ball
2-0: 3-RUN HOME RUN (Line Drive, 8LXD), Distance : 426 ft
Batting: RHB Javier García 0-0: Ball
1-0: Ball
2-0: Ball
3-0: Called Strike
3-1: Ground out 4-3 (Groundball, 4M)
Batting: RHB Francisco Castillo 0-0: Called Strike
0-1: Ball
1-1: Called Strike
1-2: Ball
2-2: Ball
3-2: Fly out, F5 (Line Drive, 5S)
Batting: RHB Justin Burgess 0-0: Swinging Strike
0-1: Ball
1-1: Ball
2-1: Called Strike
2-2: Foul Ball, location: 2F
2-2: Ground out 6-3 (Groundball, 6)
Top of the 2nd over - 3 run(s), 2 hit(s), 1 error(s), 0 left on base; San Diego 3 - Bismark 0
BOTTOM OF THE 2ND
Bismark Border Guards batting - Pitching for San Diego Smashers : RHP Duane Carlson
Batting: RHB Mike Wright 0-0: Ball
1-0: Ball
2-0: Ball
3-0: Called Strike
3-1: SINGLE (Groundball, 56D)
Batting: RHB Ramiro Ross 0-0: Ball
1-0: Foul Ball, location: 2F
1-1: Ball
2-1: Swinging Strike
2-2: Foul Ball, location: 2F
2-2: Ball
3-2: Fly out, F7 (Flyball, 78M)
Batting: RHB Salvador Borbón 0-0: Ball
1-0: Foul Ball, location: 2F
1-1: Called Strike
1-2: Foul Ball, location: 2F
1-2: Fly out, F8 (Line Drive, 89D)
Batting: LHB John Summers 0-0: Ball
Mike Wright steals 2nd base
1-0: TRIPLE (Flyball, 89M)
Mike Wright scores
Batting: RHB Enrico Rodríguez 0-0: Called Strike
0-1: Ball
1-1: Ball
2-1: Foul Ball, location: 2F
2-2: Strikes out swinging
Bottom of the 2nd over - 1 run(s), 2 hit(s), 0 error(s), 1 left on base; San Diego 3 - Bismark 1
TOP OF THE 3RD
San Diego Smashers batting - Pitching for Bismark Border Guards : LHP Pedro Mata
Batting: LHB Pedro Cruz 0-0: Fly out, F7 (Popup, 6D)
Batting: LHB Raúl Guerra 0-0: Ball
1-0: Swinging Strike
1-1: Swinging Strike
1-2: Ball
2-2: Ball
3-2: Strikes out swinging
Batting: LHB António Glaviz 0-0: Hit by Pitch
Batting: LHB Bob Cunningham 0-0: SINGLE (Flyball, 7S)
António Glaviz to second
Batting: RHB Miguel Moreno 0-0: Called Strike
0-1: Ball
1-1: Ball
2-1: Foul Ball, location: 2F
2-2: Ball
3-2: Base on Balls
António Glaviz to third
Bob Cunningham to second
Batting: RHB Jaime Rodríguez 0-0: Ball
1-0: Called Strike
1-1: Foul Ball, location: 2F
1-2: Ball
2-2: Foul Ball, location: 2F
2-2: Fly out, F5 (Line Drive, 56S)
Top of the 3rd over - 0 run(s), 1 hit(s), 0 error(s), 3 left on base; San Diego 3 - Bismark 1
BOTTOM OF THE 3RD
Bismark Border Guards batting - Pitching for San Diego Smashers : RHP Duane Carlson
Batting: RHB Sean Anderson 0-0: Called Strike
0-1: Ground out 5-3 (Groundball, 5L)
Batting: LHB Jim Jensen 0-0: Ground out 4-3 (Groundball, 34)
Batting: RHB Carlos MacKinney 0-0: Ball
1-0: Foul Ball, location: 2F
1-1: Fly out, F8 (Flyball, 8LD)
Bottom of the 3rd over - 0 run(s), 0 hit(s), 0 error(s), 0 left on base; San Diego 3 - Bismark 1
TOP OF THE 4TH
San Diego Smashers batting - Pitching for Bismark Border Guards : LHP Pedro Mata
Batting: RHB Javier García 0-0: Called Strike
0-1: Swinging Strike
0-2: DOUBLE (Flyball, 7LD)
Batting: RHB Francisco Castillo 0-0: Ball
1-0: Ball
2-0: Called Strike
2-1: Swinging Strike
2-2: Ball
3-2: Foul Ball, location: 2F
3-2: Base on Balls
Batting: RHB Justin Burgess 0-0: Ball
1-0: Foul Ball, location: 2F
1-1: Foul Ball, location: 2F
1-2: Foul Ball, location: 2F
1-2: DOUBLE (Line Drive, 9M)
Javier García scores
Francisco Castillo to third
Batting: LHB Pedro Cruz 0-0: Ball
1-0: Ball
2-0: Called Strike
2-1: Foul Ball, location: 2F
2-2: Strikes out swinging
Batting: LHB Raúl Guerra 0-0: Ball
1-0: Called Strike
1-1: Ball
2-1: DOUBLE (Flyball, 78XD)
Francisco Castillo scores
Justin Burgess scores
Pitching: RHP Cody White
Batting: LHB António Glaviz 0-0: Ball
1-0: Foul Ball, location: 2F
1-1: Ball
2-1: Swinging Strike
2-2: Strikes out swinging
Batting: LHB Bob Cunningham 0-0: Ball
1-0: Foul Ball, location: 2F
1-1: Ball
2-1: Foul Ball, location: 2F
2-2: Foul Ball, location: 2F
2-2: Fly out, F7 (Flyball, 7D)
Top of the 4th over - 3 run(s), 3 hit(s), 0 error(s), 1 left on base; San Diego 6 - Bismark 1
BOTTOM OF THE 4TH
Bismark Border Guards batting - Pitching for San Diego Smashers : RHP Duane Carlson
Batting: LHB Melvin White 0-0: Called Strike
0-1: Swinging Strike
0-2: SINGLE (Line Drive, 6MD)
Batting: RHB Mike Wright 0-0: Ball
1-0: Foul Ball, location: 2F
1-1: Swinging Strike
1-2: Fly out, F4 (Popup, 4)
Batting: RHB Ramiro Ross 0-0: Called Strike
0-1: Ball
1-1: Called Strike
1-2: Ball
2-2: Fly out, F3 (Popup, 3S)
Batting: RHB Salvador Borbón 0-0: Fly out, F3 (Popup, 34S)
Bottom of the 4th over - 0 run(s), 1 hit(s), 0 error(s), 1 left on base; San Diego 6 - Bismark 1
TOP OF THE 5TH
San Diego Smashers batting - Pitching for Bismark Border Guards : RHP Cody White
Batting: RHB Miguel Moreno 0-0: Ball
1-0: Ground out 6-3 (Groundball, 6)
Batting: RHB Jaime Rodríguez 0-0: Ground out 6-3 (Groundball, 6)
Batting: RHB Javier García 0-0: Foul Ball, location: 2F
0-1: Ball
1-1: Ball
2-1: Ball
3-1: Base on Balls
Batting: RHB Francisco Castillo 0-0: Called Strike
0-1: Called Strike
0-2: Foul Ball, location: 2F
0-2: Foul Ball, location: 2F
0-2: Strikes out looking
Top of the 5th over - 0 run(s), 0 hit(s), 0 error(s), 1 left on base; San Diego 6 - Bismark 1
BOTTOM OF THE 5TH
Bismark Border Guards batting - Pitching for San Diego Smashers : RHP Duane Carlson
Batting: LHB John Summers 0-0: Called Strike
0-1: Foul Ball, location: 2F
0-2: Ball
1-2: Strikes out swinging
Batting: RHB Enrico Rodríguez 0-0: Called Strike
0-1: Hit by Pitch
Batting: RHB Sean Anderson 0-0: Called Strike
0-1: Ball
1-1: Fly out, F9 (Flyball, 89M)
Batting: LHB Jim Jensen 0-0: Foul Ball, location: 2F
0-1: Fly out, F7 (Flyball, 7M)
Bottom of the 5th over - 0 run(s), 0 hit(s), 0 error(s), 1 left on base; San Diego 6 - Bismark 1
TOP OF THE 6TH
San Diego Smashers batting - Pitching for Bismark Border Guards : RHP Cody White
Batting: RHB Justin Burgess 0-0: Ball
1-0: Foul Ball, location: 2F
1-1: Ball
2-1: Ball
3-1: Swinging Strike
3-2: Foul Ball, location: 2F
3-2: DOUBLE (Flyball, 89M)
Batting: LHB Pedro Cruz 0-0: Foul Ball, location: 2F
0-1: Foul Ball, location: 2F
0-2: Ball
1-2: Fly out, F8 (Line Drive, 78M)
Batting: LHB Raúl Guerra 0-0: Called Strike
0-1: Fly out, F4 (Popup, 4D)
Batting: LHB António Glaviz 0-0: Called Strike
0-1: SINGLE (Groundball, 4MD)
Justin Burgess to third
Runner from 3rd tries for Home, SAFE, no throw or cutoff
Batting: LHB Bob Cunningham 0-0: Ball
António Glaviz steals 2nd base
1-0: Ball
2-0: Ball
3-0: Called Strike
3-1: Fly out, F7 (Popup, 78S)
Top of the 6th over - 1 run(s), 2 hit(s), 0 error(s), 1 left on base; San Diego 7 - Bismark 1
BOTTOM OF THE 6TH
Bismark Border Guards batting - Pitching for San Diego Smashers : RHP Duane Carlson
Batting: RHB Carlos MacKinney 0-0: Swinging Strike
0-1: Ball
1-1: Ball
2-1: Foul Ball, location: 2F
2-2: Ball
3-2: Base on Balls
Batting: LHB Melvin White 0-0: Ball
1-0: Ball
2-0: SINGLE (Line Drive, 89S)
Carlos MacKinney to second
Batting: RHB Mike Wright 0-0: Foul Ball, location: 2F
0-1: Ball
1-1: Ball
2-1: Fielders Choice at 2nd, 4-6 (Groundball, 4M)
Carlos MacKinney to third
Batting: RHB Ramiro Ross 0-0: Ball
1-0: Grounds into double play, 6-4-3 (Groundball, 56)
Bottom of the 6th over - 0 run(s), 1 hit(s), 0 error(s), 1 left on base; San Diego 7 - Bismark 1
TOP OF THE 7TH
San Diego Smashers batting - Pitching for Bismark Border Guards : RHP Cody White
Pitching: LHP Arturo Heredia
Batting: RHB Miguel Moreno 0-0: Called Strike
0-1: Ground out 6-3 (Groundball, 6)
Batting: RHB Jaime Rodríguez 0-0: Called Strike
0-1: Foul Ball, location: 2F
0-2: Ground out 4-3 (Groundball, 4)
Batting: RHB Javier García 0-0: Ground out 5-3 (Groundball, 15S)
Top of the 7th over - 0 run(s), 0 hit(s), 0 error(s), 0 left on base; San Diego 7 - Bismark 1
BOTTOM OF THE 7TH
Bismark Border Guards batting - Pitching for San Diego Smashers : RHP Duane Carlson
Batting: RHB Salvador Borbón 0-0: Ball
1-0: DOUBLE (Line Drive, 5L)
Batting: LHB John Summers 0-0: Ball
1-0: Called Strike
1-1: Ball
2-1: Foul Ball, location: 2F
2-2: SINGLE (Groundball, 13) (infield hit)
Salvador Borbón to third
Batting: RHB Enrico Rodríguez 0-0: Foul Ball, location: 2F
0-1: Ball
1-1: 3-RUN HOME RUN (Line Drive, 7D), Distance : 371 ft
Batting: RHB Sean Anderson 0-0: Ball
1-0: Foul Ball, location: 2F
1-1: Fly out, F7 (Flyball, 7M)
Pitching: LHP Javier Duarte
Batting: LHB Jim Jensen 0-0: Ball
1-0: Ball
2-0: Ball
3-0: Called Strike
3-1: Foul Ball, location: 2F
3-2: Base on Balls
Batting: RHB Carlos MacKinney 0-0: Foul Ball, location: 2F
0-1: Ball
1-1: Swinging Strike
1-2: Ball
2-2: SINGLE (Line Drive, 8LS)
Jim Jensen to second
Batting: LHB Melvin White 0-0: Called Strike
0-1: Foul Ball, location: 2F
0-2: Strikes out swinging
Batting: RHB Mike Wright 0-0: Foul Ball, location: 2F
0-1: Ball
1-1: Ball
2-1: Ball
3-1: Foul Ball, location: 2F
3-2: Base on Balls
Jim Jensen to third
Carlos MacKinney to second
Batting: RHB Ramiro Ross 0-0: Ball
1-0: Ball
2-0: Ball
3-0: Called Strike
3-1: Base on Balls
Jim Jensen scores
Carlos MacKinney to third
Mike Wright to second
Pinch Hitting: RHB José Cintrón 0-0: Called Strike
0-1: Ball
1-1: Fly out, F4 (Line Drive, 4)
Bottom of the 7th over - 4 run(s), 4 hit(s), 0 error(s), 3 left on base; San Diego 7 - Bismark 5
TOP OF THE 8TH
San Diego Smashers batting - Pitching for Bismark Border Guards : LHP Arturo Heredia
Now at 2B: José Cintrón
Batting: RHB Francisco Castillo 0-0: Foul Ball, location: 2F
0-1: Ball
1-1: Swinging Strike
1-2: Strikes out looking
Batting: RHB Justin Burgess 0-0: Called Strike
0-1: Ball
1-1: Called Strike
1-2: Foul Ball, location: 2F
1-2: Strikes out looking
Batting: LHB Pedro Cruz 0-0: Ball
1-0: Foul Ball, location: 2F
1-1: Called Strike
1-2: Ball
2-2: Ball
3-2: Ground out 6-3 (Groundball, 6)
Top of the 8th over - 0 run(s), 0 hit(s), 0 error(s), 0 left on base; San Diego 7 - Bismark 5
BOTTOM OF THE 8TH
Bismark Border Guards batting - Pitching for San Diego Smashers : LHP Javier Duarte
Batting: LHB John Summers 0-0: Ball
1-0: Ball
2-0: Foul Ball, location: 2F
2-1: Fly out, F8 (Flyball, 8LM)
Batting: RHB Enrico Rodríguez 0-0: Called Strike
0-1: Ball
1-1: Swinging Strike
1-2: Strikes out looking
Batting: RHB Sean Anderson 0-0: Foul Ball, location: 2F
0-1: Foul Ball, location: 2F
0-2: Strikes out swinging
Bottom of the 8th over - 0 run(s), 0 hit(s), 0 error(s), 0 left on base; San Diego 7 - Bismark 5
TOP OF THE 9TH
San Diego Smashers batting - Pitching for Bismark Border Guards : LHP Arturo Heredia
Pitching: RHP Dustin Newman
Batting: LHB Raúl Guerra 0-0: Called Strike
0-1: Ball
1-1: Ball
2-1: Fly out, F8 (Flyball, 8RM)
Batting: LHB António Glaviz 0-0: Foul Ball, location: 2F
0-1: Fly out, F8 (Flyball, 8LD)
Batting: LHB Bob Cunningham 0-0: SINGLE (Line Drive, 6MD)
Batting: RHB Miguel Moreno 0-0: Swinging Strike
0-1: Swinging Strike
0-2: Foul Ball, location: 2F
0-2: Strikes out looking
Top of the 9th over - 0 run(s), 1 hit(s), 0 error(s), 1 left on base; San Diego 7 - Bismark 5
BOTTOM OF THE 9TH
Bismark Border Guards batting - Pitching for San Diego Smashers : LHP Javier Duarte
Pitching: RHP Mark Ross
Now at 1B: Alfredo Fernández
Now at 2B: José González
Batting: LHB Jim Jensen 0-0: Ball
1-0: Ball
2-0: Called Strike
2-1: Ground out 3-1 (Groundball, 34)
Batting: RHB Carlos MacKinney 0-0: Ball
1-0: Ground out 4-3 (Groundball, 4)
Batting: LHB Melvin White 0-0: Called Strike
0-1: Called Strike
0-2: Ground out 3-1 (Groundball, 34)
Bottom of the 9th over - 0 run(s), 0 hit(s), 0 error(s), 0 left on base; San Diego 7 - Bismark 5
This league is powered by Out of the Park Baseball, the baseball management simulation game for PC, Mac and Linux
Wednesday, December 2nd, 2015 - OOTP Baseball 16.8 Build 38